 Dungeon Crawl Stone Soup version 0.24.0-123-gd5b16e6ec5 (webtiles) character file.

Game seed: 10221297789939562571, levelgen mode: deterministic

907 Peloso the Shield-Bearer (level 7, -5/60 HPs)
             Began as a Minotaur Fighter on Dec 25, 2019.
             Killed by divine providence
             ... invoked by an orc priest
              (9 damage)
             ... on level 5 of the Dungeon.
             The game lasted 00:08:56 (3668 turns).

Peloso the Shield-Bearer (Minotaur Fighter)         Turns: 3668, Time: 00:08:56

Health: -5/60      AC:  9    Str: 21    XL:     7   Next: 81%
Magic:  6/6        EV:  9    Int:  5    God:
Gold:   186        SH: 10    Dex: 11    Spells: 6/6 levels left

rFire    + . .     SeeInvis .   a - +0 long sword
rCold    . . .     Gourm    .   c - +0 shield
rNeg     . . .     Faith    .   b - +0 scale mail
rPois    .         Spirit   .   (helmet restricted)
rElec    .         Reflect  .   (no cloak)
rCorr    .         Harm     .   n - +0 pair of gloves
MR       .....                  (no boots)
Stlth    ..........             (no amulet)
HPRegen  0.20/turn              (no ring)
MPRegen  0.10/turn              t - ring of protection from fire

@: no status effects
A: retaliatory headbutt, horns 2
a: no special abilities


You were on level 5 of the Dungeon.
You were not hungry.

You visited 1 branch of the dungeon, and saw 5 of its levels.

You collected 186 gold pieces.

Inventory:

Hand Weapons
 a - a +0 long sword (weapon)
Armour
 b - a +0 scale mail (worn)
 c - a +0 shield (worn)
 n - a +0 pair of gloves (worn)
Jewellery
 t - a ring of protection from fire (right hand)
Scrolls
 e - 3 scrolls of remove curse
 h - a scroll of fear {unknown}
 i - 2 scrolls of random uselessness {unknown}
 j - a scroll of identify
 k - a scroll of noise
 l - 3 scrolls of amnesia {unknown}
 m - 3 scrolls of enchant weapon {unknown}
 o - a scroll of teleportation
 p - a scroll of enchant armour
Potions
 d - a potion of might
 g - 2 potions of ambrosia
 q - a potion of agility
 r - 2 potions of curing
 s - 2 potions of brilliance
Comestibles
 f - 11 rations
 u - 9 chunks of flesh


   Skills:
 + Level 4.9 Fighting
 + Level 6.5 Long Blades
 + Level 6.4 Armour
 + Level 1.7 Dodging
 + Level 0.1 Stealth
 + Level 6.6 Shields


You had 6 spell levels left.
You didn't know any spells.
Your spell library was empty.

Dungeon Overview and Level Annotations

Branches:
Dungeon (5/15)
 Temple: D:4-7

Altars:
Ashenzari
Fedhas
Uskayaw
Wu Jian
Yredelemnul
Zin

Shops:
D:4 (   D:5 [


Innate Abilities, Weirdness & Mutations

You reflexively headbutt those who attack you in melee.
You have a pair of horns on your head.


Message History

The orc priest invokes the aid of Beogh against you.
Beogh smites you!
* * * LOW HITPOINT WARNING * * *
The orc wizard gestures at you while chanting.
The puff of frost hits you!
* * * LOW HITPOINT WARNING * * *
You feel better.
The orc priest shouts!
The orc wizard points at you and mumbles some strange words.
The puff of frost hits you.
* * * LOW HITPOINT WARNING * * *
The orc priest hits you but does no damage.
You hit the orc priest.
The orc priest is moderately wounded.
The orc hits you but does no damage. The orc priest hits you.
* * * LOW HITPOINT WARNING * * *
The orc wizard casts a cantrip, but nothing happens.
The orc priest calls down the wrath of Beogh upon you.
Beogh smites you!
You die...

## #?# #. ..# # #. ...##.
#. #. .#l##. ##.########
#.##_...... #.....(...#
#..#..#.#..
#.(.....#.#.####...#.. #.
.........#o#.$.....#.# #.
#...##.#∩#@#######..## #.
....o....ooZ...).....#####.
..o.#####)##########....##.
. ..........# +.......
#######>#.# #....... #.#.#
....#+#+## ..# # ...... ###
####.. ...


You could see 2 orc priests, an orc wizard, an orc and a jackal zombie.

Vanquished Creatures
  2 centaurs (D:5)
  An ogre (D:4)
  A scorpion (D:4)
  3 orc priests
  2 hounds (D:5)
  An iguana (D:5)
  3 orc wizards (D:4)
  5 worker ants
  A hound skeleton (D:2)
  Robin (D:4)
  3 gnolls (D:3)
  2 adders
  2 oozes
  An adder skeleton (D:4)
  2 worms (D:2)
  4 dart slugs
  6 leopard geckos
  23 orcs
  5 giant cockroaches
  21 goblins
  10 hobgoblins
  6 jackals
  8 kobolds
  2 quokkas
  7 bats
  5 frilled lizards
  A leopard gecko skeleton (D:4)
  A quokka skeleton (D:4)
  9 rats
138 creatures vanquished.

Notes
Turn   | Place    | Note
-------+----------+-------------------------------------------
     0 | D:1      | Peloso the Minotaur Fighter began the quest for the Orb.
     0 | D:1      | Reached XP level 1. HP: 19/19 MP: 0/0
    36 | D:1      | Reached XP level 2. HP: 23/27 MP: 1/1
   185 | D:1      | Reached XP level 3. HP: 31/33 MP: 2/2
   623 | D:2      | Reached XP level 4. HP: 40/40 MP: 3/3
   677 | D:2      | Noticed a +0 hand axe
   678 | D:2      | Noticed a +0 dagger
   683 | D:2      | Found a hide-covered altar of Uskayaw.
  1032 | D:2      | Found a blossoming altar of Fedhas.
  1255 | D:3      | Found a glowing silver altar of Zin.
  1485 | D:3      | Reached XP level 5. HP: 28/46 MP: 4/4
  1537 | D:3      | Found a basalt altar of Yredelemnul.
  1540 | D:3      | Reached skill level 5 in Shields
  1996 | D:4      | Noticed Robin
  2021 | D:3      | Reached skill level 1 in Dodging
  2099 | D:4      | Killed Robin
  2099 | D:4      | Reached skill level 5 in Armour
  2119 | D:4      | Reached skill level 5 in Long Blades
  2119 | D:4      | Reached XP level 6. HP: 16/53 MP: 5/5
  2834 | D:4      | Found Kacemum's Weapon Shop.
  3016 | D:4      | Reached XP level 7. HP: 54/60 MP: 6/6
  3489 | D:5      | Entered Level 5 of the Dungeon
  3507 | D:5      | Found an ornate altar of the Wu Jian Council.
  3612 | D:5      | Found a shattered altar of Ashenzari.
  3617 | D:5      | Found Tiokophu's Armour Boutique.
  3668 | D:5      | Killed from afar by an orc priest

Levels and vault maps discovered:
D:1:      psy_arrival_dodecagon, layout_rooms, grunt_decor_one_mirror
D:2:      layout_loops_ring, dancing_weapons_uskayaw, fedhas_altar_fruit_tree
D:3:      layout_basic, lemuel_crystal_altar, old_standard_altar, first_ration
D:4:      layout_cave_pods, serial_shops, nicolae_shop_crystal, nrook_uturn,
          uniq_robin
D:5:      layout_basic, marbit_many_paths, nicolae_overflow_crystal_walls,
          minmay_temple_entry_junction, serial_shops, shop, minmay_ruined_shrine

Skill      XL: |  1  2  3  4  5  6  7 |
---------------+----------------------+-----
Shields        | 4 5 6 |  6.6
Long Blades    | 3 4 5 6 |  6.5
Armour         | 4 5 6 |  6.4
Fighting       | 4 |  4.9
Dodging        | 1 |  1.7
Stealth        | |  0.1

Action                   |  1- 3 |  4- 6 |  7- 9 || total
-------------------------+-------+-------+-------++-------
Melee: Long sword        |    99 |   177 |    64 ||   340
       Headbutt          |    12 |    31 |    17 ||    60
  Use: Potion            |     3 |     3 |     1 ||     7
       Scroll            |       |     7 |       ||     7
  Eat: Chunk             |       |     7 |     2 ||     9
Armor: Scale mail        |    48 |    72 |    24 ||   144
Dodge: Dodged            |    31 |    63 |    17 ||   111
Block: Shield            |    44 |   109 |    24 ||   177
       Rpst.: Long sword |     8 |    17 |     3 ||    28
